 Dungeon Crawl Stone Soup version 0.31-a0-876-gfe8ebadbca (webtiles) character file.

Game seed: 16757855629565562882

102 zenocrate the Vexing (level 4, -1/24 HPs)
             Began as a Vampire Enchanter on Oct 14, 2023.
             Slain by a ball python (2 damage)
             ... on level 2 of the Dungeon.
             The game lasted 00:02:46 (1589 turns).

zenocrate the Vexing (Vampire Enchanter)            Turns: 1589, Time: 00:02:46

Health: -1/24      AC:  4    Str:  7    XL:     4   Next: 49%
Magic:  7/7        EV: 10    Int: 17    God:
Gold:   50         SH:  0    Dex: 16    Spells: 2/7 levels left

rFire   . . .        a - +1 dagger
rCold   + + .        (no shield)
rNeg    + + +        b - +0 robe
rPois   ∞            (no helmet)
rElec   .            (no cloak)
rCorr   .            l - +1 pair of gloves
SInv    +            (no boots)
Will    .....        (no amulet)
Stlth   ++++         (no ring)
HPRegen 0.00/turn    (no ring)
MPRegen 0.10/turn

%: no passive effects
@: silenced, bloodless, inhibited regen, constricted
A: bloodless, fangs 3, see invisible, vampiric 2
a: Bat Form, Revivify


You were on level 2 of the Dungeon.
You visited 1 branch of the dungeon, and saw 3 of its levels.

You collected 50 gold pieces.

Inventory:

Hand Weapons
 a - a +1 dagger (weapon)
Armour
 b - a +0 robe (worn)
 l - a +1 pair of gloves (worn)
Scrolls
 k - a scroll of immolation {unknown}
Potions
 c - 2 potions of invisibility
 d - a potion of cancellation
 e - a potion of ambrosia
 m - a potion of lignification
 n - a potion of curing {unknown}


   Skills:
 + Level 2.1 Short Blades
 + Level 3.2 Dodging
 + Level 5.2 Stealth
 - Level 2.0 Spellcasting
 + Level 5.2 Hexes
 * Level 1.6 Ice Magic


You had 2 spell levels left.
You knew the following spells:

 Your Spells              Type           Power      Damage    Failure   Level
a - Ensorcelled Hibernat  Hex/Ice        26%        N/A       7%          2
b - Confusing Touch       Hex            19%        N/A       7%          3

Your spell library contained the following spells:

 Spells                   Type           Power      Damage    Failure   Level
 Freeze                   Ice            28%        1d5       10%         1
 Tukima's Dance           Hex            19%        N/A       7%          3
 Dazzling Flash           Conj/Hex       20%        N/A       21%         3
 Frozen Ramparts          Ice            14%        1d3       30%         3
 Hailstorm                Conj/Ice       4%         3d4       38%         3


Dungeon Overview and Level Annotations

Branches:
Dungeon (3/15)

Altars:

Annotations:
D:3 1 runed translucent door


Innate Abilities, Weirdness & Mutations

You do not regenerate when monsters are visible.
You are frail without blood (-20% HP).
You can heal yourself when you bite living creatures.
You are immune to poison.
You have razor-sharp teeth.
You have supernaturally acute eyesight. (SInv)
You are afflicted with vampirism and can become a bat while bloodless.


Message History

The goblin hits you with a +0 dagger.
A quokka comes into view.
Unknown command.
You barely miss the goblin.
The goblin is severely wounded.
The goblin hits you but does no damage.
Unknown command.
An adder comes into view.
The ball python attacks as it pursues you!
The ball python closely misses you. The ball python misses you.
The ball python attacks as it pursues you!
The ball python misses you. The ball python barely misses you.
The ball python attacks as it pursues you!
The ball python closely misses you. x2
There is a stone staircase leading up here.
The ball python bites you.
* * * LOW HITPOINT WARNING * * *
The ball python grabs you.
You stop ascending the stairs.
The ball python constricts you.
* * * LOW HITPOINT WARNING * * *
Unknown command.
You escape the ball python's grasp.
The goblin closely misses you. The ball python bites you.
* * * LOW HITPOINT WARNING * * *
The ball python closely misses you. The quokka barely misses you.
You climb upwards.
There is a stone staircase leading down here.
Unknown command.
The goblin attacks as it pursues you! The goblin hits you with a +0 dagger.
* * * LOW HITPOINT WARNING * * *
Unknown command.
The ball python attacks as it pursues you!
The ball python bites you.
* * * LOW HITPOINT WARNING * * *
The ball python grabs you. The ball python constricts you.
The ball python bites you but does no damage.
The ball python constricts you.
Unknown command.
You barely miss the ball python. The ball python bites you.
You die...

# #.###.###.# ###.#..## #
#######.###.###.#####...#..## #
#...........##.............#
#####.#####.##..##..#####...#####
........###.##..##..# ##..## ##
..[......##.....##..# ##.#.###.
#####.#........>g#..# ##...#...#
#.#.###.##.#S#..# #..#..####
#.#.##...#.#@#..# #.###.....
#..........#.#..# #..#..####
###.##...###.#..# ##...##
#.###.........# ##.##
#>###........### #.#
#..............#####.#
##########[###.......# #.#
#.......# #.###.#######


You could see a goblin and a ball python.

Vanquished Creatures
  A human zombie (D:3)
  2 adders
  2 worms (D:2)
  3 dart slugs
  A bat (D:1)
  5 endoplasms
  4 giant cockroaches
  2 hobgoblins (D:1)
  7 jackals
  2 quokkas (D:1)
  5 ball pythons
  3 goblins
  A kobold (D:2)
  4 rats
42 creatures vanquished.

Notes
Turn   | Place    | Note
-------+----------+-------------------------------------------
     0 | D:1      | zenocrate the Vampire Enchanter began the quest for the
                  | Orb.
     0 | D:1      | Reached XP level 1. HP: 13/13 MP: 3/3
   136 | D:1      | Reached XP level 2. HP: 11/15 MP: 5/5
   139 | D:1      | Learned a level 2 spell: Ensorcelled Hibernation
   793 | D:2      | Gained mutation: You are afflicted with vampirism and can
                  | become a bat while bloodless. [Vampire growth]
   793 | D:2      | Reached XP level 3. HP: 19/19 MP: 6/6
   797 | D:2      | Learned a level 3 spell: Confusing Touch
   900 | D:2      | Reached skill level 5 in Stealth
   928 | D:2      | Reached skill level 5 in Hexes
  1316 | D:2      | Reached skill level 1 in Ice Magic
  1537 | D:3      | Reached XP level 4. HP: 24/24 MP: 7/7
  1537 | D:3      | Found a runed translucent door.
  1537 | D:3      | Noticed a human
  1588 | D:2      | HP: 1/24 [ball python (1)]
  1589 | D:2      | Slain by a ball python

Illustrated notes

Levels and vault maps discovered:
D:1:      lemuel_arrival_cross, layout_basic
D:2:      layout_loops_ring
D:3:      layout_rooms, dk_yredelemnul_ordeal, gup_sewer_entry_glass,
          gammafunk_ghost_abyssal_escape, kennysheep_generic_room_5

Skill      XL: |  1  2  3 |
---------------+----------+-----
Dodging        | 3 |  3.2
Stealth        | 5 |  5.2
Hexes          | 5 |  5.2
Ice Magic      | 1 |  1.6
Short Blades   | 2 |  2.1
Spellcasting   | |  2.0

Action                     |  1- 3 |  4- 6 || total
---------------------------+-------+-------++-------
  Melee: Dagger            |    82 |    15 ||    97
         Bite              |     4 |     1 ||     5
         Punch             |     1 |       ||     1
   Cast: Ensorcelled Hiber |     2 |       ||     2
         Confusing Touch   |       |     1 ||     1
Ability: Exsanguinate      |     1 |       ||     1
    Use: Scroll            |       |     7 ||     7
   Stab: Sleeping          |    26 |     1 ||    27
         Confused          |       |     3 ||     3
 Armour: Robe              |    37 |    14 ||    51
  Dodge: Dodged            |    41 |     9 ||    50

Table legend: (Time is in decaauts)
 A = Elapsed time spent in this place.
 B = Non-inter-level travel time spent in this place.
 C = Inter-level travel time spent in this place.
 D = Time resting spent in this place.
 E = Time spent auto-exploring this place.
 F = Levels seen in this place.
 G = Mean time per level.
                   A        B        C        D        E       F      G
               +--------+--------+--------+--------+--------+-----+--------+
         Total |   1581 |   1491 |     90 |      0 |   1130 |   3 |  527.0 |
       Dungeon |   1581 |   1491 |     90 |      0 |   1130 |   3 |  527.0 |
               +--------+--------+--------+--------+--------+-----+--------+

Top non-repeatable levels by time:
     D:2: 762 daAuts
     D:1: 742 daAuts
     D:3: 76 daAuts
